 Dungeon Crawl Stone Soup version 0.18-a0-1577-gf591c28 (webtiles) character file.

3233 M4edhros the Zephyrmancer (level 9, -14/53 HPs)
             Began as an Octopode Wanderer on Mar 17, 2016.
             Demolished by a shadow (27 damage)
             ... on level 7 of the Dungeon.
             The game lasted 00:21:18 (7331 turns).

M4edhros the Zephyrmancer (Octopode Wanderer)       Turns: 7331, Time: 00:21:22

Health: -14/53     AC:  2    Str: 11    XL:     9   Next: 98%
Magic:  12/12      EV: 16    Int: 15    God:    Xom [*.....]
Gold:   232        SH:  0    Dex: 14    Spells: 2 memorised, 11 levels left

rFire  . . .     SeeInvis .     p - +2 rapier (elec)
rCold  . . .     Gourm    .     (no shield)
rNeg   . . .     Faith    .     (helmet restricted)
rPois  +         Spirit   .     (no amulet)
rElec  .         Dismiss  .     n - ring of poison resistance
rCorr  .         Reflect  .     (no ring)
SustAt .         Harm     .     (no ring)
MR     ++...                    (no ring)
Stlth  ++++......               (no ring)
                                (no ring)
                                (no ring)
                                (no ring)

@: very resistant to hostile enchantments, stealthy
A: almost no armour, amphibious, 8 rings, constrict 8, camouflage 1, agile 1,
dopey 1, low mp 1, magic resistance 2, screaming 1, shaggy fur 1, gelatinous
body 1
a: Renounce Religion


You were on level 7 of the Dungeon.
You worshipped Xom.
You were a special plaything of Xom.
You were very hungry.

You visited 2 branches of the dungeon, and saw 8 of its levels.

You collected 232 gold pieces.

Inventory:

Hand Weapons
 b - a +2 blowgun
 e - a +2 dagger of venom
 p - a +2 rapier of electrocution (weapon)
Missiles
 a - 2 curare-tipped needles
 u - 25 poisoned needles
Armour
 H - a cursed +0 buckler
Jewellery
 n - a ring of poison resistance (left tentacle)
 w - an uncursed ring of ice
Wands
 c - a wand of random effects (41/48)
 v - a wand of flame (17/48)
 C - a wand of random effects (0/48)
Scrolls
 g - a scroll of fog
 i - 2 scrolls of immolation {unknown}
 k - 3 scrolls of blinking {unknown}
 l - a scroll of noise {unknown}
 q - a scroll of enchant weapon {unknown}
 r - a scroll of magic mapping {unknown}
 s - 9 scrolls of identify {unknown}
 y - a scroll of enchant armour {unknown}
 z - 2 scrolls of fear {unknown}
 D - a scroll of teleportation {unknown}
 E - a scroll of recharging {unknown}
 F - a scroll of torment {unknown}
Potions
 o - 4 potions of curing
 x - 2 potions of might {unknown}
 A - a potion of agility {unknown}
 B - 2 potions of cancellation
 G - a potion of degeneration {unknown}
 J - a potion of mutation {unknown}
Comestibles
 f - 5 bread rations
 m - 4 meat rations
 I - 6 fruits


   Skills:
 - Level 1.0 Fighting
 - Level 4.6 Short Blades
   Level 2.0 Crossbows
 - Level 1.0 Throwing
 + Level 7.5 Dodging
 * Level 5.3 Stealth
 - Level 3.5 Spellcasting
 - Level 4.0 Conjurations
   Level 1.0 Fire Magic
 - Level 8.0 Air Magic
 - Level 3.1 Poison Magic


You had 11 spell levels left.
You knew the following spells:

 Your Spells              Type           Power        Failure   Level  Hunger
a - Shock                 Conj/Air       ###.         1%          1    None
b - Mephitic Cloud        Conj/Pois/Air  ###.....     10%         3    ###....


Dungeon Overview and Level Annotations

Branches:
Dungeon (7/15)             Temple (1/1) D:4

Altars:
Ashenzari
Cheibriados
Dithmenos
Elyvilon
Fedhas
Kikubaaqudgha
Makhleb
Nemelex Xobeh
Okawaru
Pakellas
Qazlal
Ru
Trog
Vehumet
Xom
Yredelemnul
Zin
The Shining One


Innate Abilities, Weirdness & Mutations

You cannot wear most types of armour.
You are amphibious.
You can wear up to eight rings at the same time.
You can use your tentacles to constrict eight enemies at once.
Your skin changes colour to match your surroundings (Stealth).
Your rubbery body absorbs attacks (AC +1).
You are agile. (Dex +2)
You are dopey. (Int -2)
Your magical capacity is low (-10% MP).
You are highly resistant to hostile enchantments.
You occasionally shout uncontrollably at your foes.
You are covered in fur (AC +1).


Message History

Okay, then.
Drink which item? (? for menu, Esc to quit)
It was a potion of curing.
You feel better.
The shadow strikes at you from the darkness!
* * * LOW HITPOINT WARNING * * *
Reactivating autopickup.
Read which item? (? for menu, Esc to quit)
As you read the scroll labeled KOICESH TEEQAU, it crumbles to dust.
The scroll dissolves into smoke.
It was a scroll of fog.
The shadow completely misses you.
Read which item? (? for menu, Esc to quit)
As you read the scroll labeled TASIOC RASIANG, it crumbles to dust.
You feel blessed for a moment.
It was a scroll of remove curse.
You hear Xom's avuncular chuckle.
The shadow flickers and vanishes!
Deactivating autopickup; reactivate with Ctrl-A.
The shadow strikes at you from the darkness!
Ouch! That really hurt!
You die...
Xom bursts into laughter!

#... #..# ..#
#.# #.# #.#
#.####§#
#..$.§{#######.#
######§@§§.....#
####§######
#.#### #....#
##### ####.#
##...## #####.#
##.....###.....#
#.......##.#####
#............#


There were no monsters in sight!

Vanquished Creatures
  A hill giant (D:5)
  The ghost of HandofTrog the Skirmisher, a novice DsWn of Okawaru (D:5)
  Prince Ribbit (D:5)
  A two-headed ogre (D:5)
  The ghost of M4edhros the Poker, an amateur OpWn (D:4)
  Edmund (D:5)
  4 ice beasts
  An orc warrior (D:7)
  A phantom (D:5)
  4 ogres
  A centaur (D:5)
  Blork the orc (D:4)
  3 giant frogs
  2 scorpions (D:6)
  2 howler monkeys
  A giant frog zombie (D:5)
  3 hounds
  Crazy Yiuf (D:5)
  A giant frog skeleton (D:5)
  An iguana (D:7)
  5 worker ants
  A worker ant zombie (D:7)
  Robin (D:4)
  6 adders
  A shadow imp (D:5)
  3 oozes
  An adder skeleton (D:7)
  6 worms
  2 dart slugs (D:2)
  3 giant geckos
  6 orcs
  11 bats
  5 giant cockroaches
  10 hobgoblins
  8 jackals
  A quokka (D:4)
  4 ball pythons
  A giant gecko zombie (D:5)
  5 giant newts
  16 goblins
  2 jackal skeletons (D:4)
  5 kobolds
  A quokka skeleton (D:5)
  4 rats
140 creatures vanquished.

Notes
Turn   | Place    | Note
--------------------------------------------------------------
     0 | D:1      | M4edhros the Octopode Wanderer began the quest for the Orb.
     0 | D:1      | M4edhros set off with: 2 curare-tipped needles, a +2 blowgun, a +0 mace, Vehumet's Papyrus of the Apprentice, a bread ration
     0 | D:1      | Reached XP level 1. HP: 13/13 MP: 1/1
     0 | D:1      | Identified Vehumet's Papyrus of the Apprentice
   186 | D:1      | Reached skill level 1 in Dodging
   289 | D:1      | Reached XP level 2. HP: 5/18 MP: 2/2
   787 | D:1      | Reached XP level 3. HP: 23/23 MP: 3/3
   790 | D:1      | Learned a level 1 spell: Shock
  1389 | D:2      | Found a burning altar of Makhleb.
  1415 | D:2      | Reached XP level 4. HP: 28/28 MP: 4/4
  1795 | D:3      | Found an ancient bone altar of Kikubaaqudgha.
  2026 | D:3      | Reached skill level 1 in Short Blades
  2146 | D:3      | Reached XP level 5. HP: 33/33 MP: 5/5
  2434 | D:4      | Learned a level 3 spell: Mephitic Cloud
  2759 | D:4      | Noticed M4edhros's ghost (amateur OpWn)
  2849 | D:4      | Noticed Blork the orc
  2850 | D:4      | Found a staircase to the Ecumenical Temple.
  2857 | D:4      | Killed Blork the orc
  2857 | D:4      | Reached skill level 5 in Air Magic
  2857 | D:4      | Reached skill level 1 in Poison Magic
  2857 | D:4      | Reached XP level 6. HP: 17/38 MP: 6/6
  2867 | Temple   | Entered the Ecumenical Temple
  3169 | D:4      | Noticed Robin
  3181 | D:4      | Killed Robin
  3440 | D:5      | Entered Level 5 of the Dungeon
  3445 | D:5      | Noticed Prince Ribbit
  3608 | D:5      | Noticed an ice beast
  3793 | D:5      | Reached skill level 1 in Conjurations
  3793 | D:5      | Reached XP level 7. HP: 43/43 MP: 3/7
  3984 | D:5      | Killed Prince Ribbit
  4028 | D:5      | Noticed a hill giant
  4040 | D:5      | HP: 2/43 [hill giant/giant club (39)]
  4269 | D:5      | Killed a hill giant
  4269 | D:5      | Reached skill level 5 in Dodging
  4269 | D:5      | Reached skill level 6 in Air Magic
  4269 | D:5      | Reached XP level 8. HP: 8/48 MP: 8/8
  4317 | D:5      | Found a sparkling altar of Nemelex Xobeh.
  4542 | D:5      | Noticed HandofTrog's ghost (novice DsWn)
  4600 | D:5      | Noticed Edmund
  4610 | D:5      | Killed Edmund
  4735 | D:5      | Killed HandofTrog's ghost
  4735 | D:5      | Reached skill level 1 in Spellcasting
  4735 | D:5      | Reached skill level 7 in Air Magic
  4735 | D:5      | Reached XP level 9. HP: 26/53 MP: 1/11
  4839 | D:5      | Noticed Crazy Yiuf
  4848 | D:5      | Killed Crazy Yiuf
  4908 | D:5      | Noticed a two-headed ogre
  4920 | D:5      | Killed a two-headed ogre
  5428 | D:6      | Reached skill level 8 in Air Magic
  5447 | D:6      | Found a shadowy altar of Dithmenos.
  5666 | D:7      | Found a shimmering altar of Xom.
  5675 | D:7      | Became a worshipper of Xom of Bone-Dry Humour
  5805 | D:4      | XOM: potion effect (berserk rage)
  5911 | D:4      | XOM: mild Fire miscast
  5944 | D:4      | Killed M4edhros's ghost
  5944 | D:4      | Reached skill level 5 in Stealth
  6020 | Temple   | XOM: give mutations
  6020 | Temple   | Gained mutation: You are resistant to hostile enchantments. [Xom's grace]
  6020 | Temple   | Gained mutation: Your muscles are strong. (Str +2) [Xom's grace]
  6020 | Temple   | Gained mutation: You are highly resistant to hostile enchantments. [Xom's grace]
  6116 | Temple   | XOM: medium Summ miscast
  6511 | Temple   | XOM: cast spell 'Spider Form'
  6551 | Temple   | XOM: summons 4 hostile demons
  6591 | D:4      | XOM: mild Trmt miscast
  6830 | D:4      | XOM: give mutations
  6830 | D:4      | Lost mutation: Your muscles are strong. (Str +2) [Xom's mischief]
  6830 | D:4      | Gained mutation: Your body sometimes deteriorates upon taking damage. [Xom's mischief]
  6830 | D:4      | Gained mutation: You are agile. (Dex +2) [Xom's mischief]
  6830 | D:4      | Gained mutation: Your magical capacity is low (-10% MP). [Xom's mischief]
  7128 | Temple   | XOM: noise
  7202 | Temple   | XOM: harmless Hex miscast
  7322 | D:7      | XOM: give mutations
  7322 | D:7      | Gained mutation: You are dopey. (Int -2) [Xom's mischief]
  7322 | D:7      | Gained mutation: You are covered in fur (AC +1). [Xom's mischief]
  7322 | D:7      | Lost mutation: Your body sometimes deteriorates upon taking damage. [Xom's mischief]
  7322 | D:7      | Gained mutation: You occasionally shout uncontrollably at your foes. [Xom's mischief]
  7331 | D:7      | XOM: enchant monster (bad)
  7331 | D:7      | Demolished by a shadow

Vault maps used:
D:1:      dpeg_arrival_chambers_temple_mockup, corexii_corridor_pit
D:2:      bloody_makhleb
D:3:      kiku_gazebo_garden_becter, first_bread
D:4:      minmay_temple_entry_statues_pillars, uniq_blork_the_orc, uniq_robin
D:5:      nemelex_deck, minmay_misc_feat_alley, uniq_prince_ribbit1,
          uniq_edmund, uniq_crazy_yiuf_cottage
D:6:      kennysheep_little_box
D:7:      xom_butterflies, st_stairs_8, trog_wizard
Temple:   nicolae_temple_figure_eight

Skill      XL: |  1  2  3  4  5  6  7  8  9 |
---------------+----------------------------+-----
Dodging        | 1 2 3 4 5 6 7 |  7.5
Short Blades   | 1 2 4 |  4.6
Air Magic      | 5 6 7 8 |  8.0
Poison Magic   | 1 2 3 |  3.1
Conjurations   | 1 3 4 |  4.0
Spellcasting   | 1 3 |  3.5
Stealth        | 5 |  5.3
Fighting       | |  1.0
Crossbows      | |  2.0
Throwing       | |  1.0
Fire Magic     | |  1.0

Action                   |  1- 3 |  4- 6 |  7- 9 || total
-------------------------+-------+-------+-------++-------
Melee: Dagger            |    64 |     4 |       ||    68
       Rapier            |       |   101 |   132 ||   233
 Fire: Blowgun           |       |       |     7 ||     7
 Cast: Mephitic Cloud    |       |     2 |     8 ||    10
       Shock             |       |       |    36 ||    36
Evoke: Wand              |       |     4 |     4 ||     8
  Use: Potion            |       |       |     7 ||     7
       Scroll            |       |       |     2 ||     2
 Stab: Sleeping          |    13 |    14 |     5 ||    32
       Distracted        |     1 |       |     2 ||     3
       Confused          |       |     1 |     3 ||     4
  Eat: Chunk             |     1 |     8 |    10 ||    19
       Fruit             |       |       |     2 ||     2
       Beef jerky        |       |       |     1 ||     1
